 Dungeon Crawl Stone Soup version 0.24-a0-139-geb6712d (webtiles) character file.

Game seed: 5423274112131901639

17745 Anon1729 the Covert (level 12, -9/87 HPs)
             Began as an Octopode Monk on Mar 1, 2019.
             Was an Elder of Ru.
             Mangled by a white ugly thing (20 damage)
             ... on level 12 of the Dungeon.
             The game lasted 00:44:51 (19455 turns).

Anon1729 the Covert (Octopode Monk)                Turns: 19455, Time: 00:44:54

Health: -9/87      AC:  1    Str: 15    XL:     12   Next: 51%
Magic:  19/19      EV: 22    Int: 14    God:    Ru [****..]
Gold:   739        SH:  0    Dex: 20    Spells: 17/20 levels left

rFire    + . .     SeeInvis +     - Unarmed
rCold    . . .     Gourm    .   H - +0 hat {SInv}
rNeg     . . .     Faith    .   n - amulet of rage
rPois    .         Spirit   .   G - ring "Huhuskin" {+Fly Str+5 SInv}
rElec    .         Reflect  .   K - ring of stealth
rCorr    .         Harm     .   N - ring of wizardry
MR       .....                  (no ring)
Stlth    ++++++++..             (no ring)
HPRegen  0.24/turn              (no ring)
MPRegen  0.16/turn              (no ring)

@: no status effects
A: almost no armour, stealthy swim, amphibious, 7 rings, constrict 7, camouflage
1, agile 1, fire resistance 1, gelatinous body 1, missing a hand, cowardly
a: Draw Out Power, Power Leap, Renounce Religion, Evoke Berserk Rage, Evoke
Flight


You were on level 12 of the Dungeon.
You worshipped Ru.
Ru was greatly pleased with you.
You were not hungry.

You visited 1 branch of the dungeon, and saw 12 of its levels.
You also visited: Sewer, Ossuary and Bailey.

You collected 739 gold pieces.

Inventory:

Hand Weapons
 q - the +6 hand axe of Tenacity {venom, MR+}
   (You found it on level 4 of the Dungeon)

   It poisons the flesh of those it strikes.
   It affects your resistance to hostile enchantments.
 E - a +2 vampiric war axe
 O - a +4 dagger of chaos
Armour
 H - a +0 hat of see invisible (worn)
Jewellery
 n - an amulet of rage (around mantle)
 w - an uncursed amulet of magic regeneration
 G - the ring "Huhuskin" (left tentacle) {+Fly Str+5 SInv}
   (You found it on level 8 of the Dungeon)

   [ring of flight]

   It affects your strength (+5).
   It lets you see invisible.
   It lets you fly.
 K - a ring of stealth (right tentacle)
 N - a ring of wizardry (on tentacle)
Wands
 k - a wand of random effects (5)
 y - a wand of iceblast (6)
Scrolls
 b - 3 scrolls of amnesia
 d - 2 scrolls of magic mapping
 e - 4 scrolls of fog
 h - 7 scrolls of blinking
 i - a scroll of immolation {unknown}
 j - 6 scrolls of remove curse
 l - 3 scrolls of enchant armour
 p - 4 scrolls of teleportation
 u - a scroll of enchant weapon {unknown}
 A - a scroll of fear {unknown}
 B - 2 scrolls of vulnerability {unknown}
 C - a scroll of torment {unknown}
 F - a scroll of noise {unknown}
 J - 2 scrolls of identify
Potions
 c - 3 potions of lignification {unknown}
 f - 4 potions of agility
 g - 12 potions of curing
 m - 4 potions of mutation
 o - 2 potions of degeneration {unknown}
 r - 6 potions of might
 s - 2 potions of resistance
 t - 6 potions of flight
 v - 3 potions of heal wounds
 x - a potion of ambrosia {unknown}
 z - a potion of experience {unknown}
 D - a potion of berserk rage {unknown}
 I - a potion of haste {unknown}
 L - 2 potions of cancellation {unknown}
Comestibles
 a - 26 rations
 M - 4 chunks of flesh


   Skills:
 + Level 10.3 Fighting
 + Level 10.3 Dodging
 + Level 13.6 Stealth
 + Level 10.3 Unarmed Combat
 + Level 4.7 Spellcasting


You had 17 spell levels left.
You knew the following spells:

 Your Spells              Type           Power        Failure   Level  Hunger
a - Swiftness             Chrm/Air       #.......     11%         2    ##.....
b - Confusing Touch       Hex            #.....       8%          1    None

Your spell library contained the following spells:

 Spells                   Type           Power        Failure   Level  Hunger
 Corona                   Hex            #......      8%          1    None
 Infusion                 Chrm           #...         8%          1    None
 Shock                    Conj/Air       #...         8%          1    None
 Summon Small Mammal      Summ           #...         8%          1    None
 Call Imp                 Summ           #.......     11%         2    ##.....
 Ensorcelled Hibernation  Hex/Ice        #.....       11%         2    ##.....
 Shroud of Golubria       Chrm/Tloc      #.........   11%         2    ##.....
 Song of Slaying          Chrm           #.......     11%         2    ##.....
 Sublimation of Blood     Necr           #.........   11%         2    ##.....
 Call Canine Familiar     Summ           #.......     21%         3    ###....
 Confuse                  Hex            #.......     21%         3    ###....
 Dazzling Spray           Conj/Hex       #.....       21%         3    ###....
 Gell's Gravitas          Tloc           #.........   21%         3    ###....
 Ignite Poison            Fire/Tmut/Pois #.......     21%         3    ###....
 Regeneration             Chrm/Necr      #.........   21%         3    ###....
 Spectral Weapon          Hex/Chrm       #.......     21%         3    ###....
 Static Discharge         Conj/Air       #.......     21%         3    ###....
 Summon Guardian Golem    Hex/Summ       #.......     21%         3    ###....
 Tukima's Dance           Hex            #.......     21%         3    ###....
 Airstrike                Air            #.........   54%         4    ####...
 Petrify                  Tmut/Erth      #.......     54%         4    ####...
 Summon Ice Beast         Ice/Summ       #.......     54%         4    ####...
 Summon Lightning Spire   Summ/Air       #.......     54%         4    ####...
 Alistair's Intoxication  Tmut/Pois      #.......     86%         5    ######.
 Irradiate                Conj/Tmut      #.........   86%         5    ######.
 Lightning Bolt           Conj/Air       #.........   86%         5    ######.
 Metabolic Englaciation   Hex/Ice        #.........   86%         5    ######.
 Yara's Violent Unravell  Hex/Tmut       #.........   86%         5    ######.


Dungeon Overview and Level Annotations

Branches:
Dungeon (12/15)            Temple (0/1) D:5            Lair (0/6) D:9
    Orc (0/2) D:10

Altars:
Ashenzari
Fedhas
Hepliaklqana
Kikubaaqudgha
Makhleb
Nemelex Xobeh
Okawaru
Ru
Trog
Wu Jian
Xom
Yredelemnul
The Shining One

Shops:
D:9 [   D:10 [(

Annotations:
D:4 3 runed translucent doors, Duffy's ghost, novice NaGl
D:7 2 transporters
D:12 2 transporters, Arum's ghost, journeyman OpVM


Innate Abilities, Weirdness & Mutations

You cannot wear most types of armour.
You are very stealthy in the water. (Stealth+)
You are amphibious.
You can wear up to seven rings at the same time.
You can use your tentacles to constrict seven enemies at once.
Your skin changes colour to match your surroundings (Stealth+).
Your rubbery body absorbs attacks. (AC +1, EV +1)
You are missing a hand.
Your cowardice makes you less effective in combat with threatening monsters.
You are agile. (Dex +2)
Your flesh is heat resistant. (rF+)


Message History

You focus your will and blind the white ugly thing in retribution!
You tentacle-slap the white ugly thing. x2
The white ugly thing is moderately wounded.
You constrict the white ugly thing.
You tentacle-slap the white ugly thing. x2
The white ugly thing is heavily wounded.
You constrict the white ugly thing. The white ugly thing misses you.
You bludgeon the white ugly thing! You squeeze the white ugly thing.
The white ugly thing is severely wounded.
You constrict the white ugly thing.
The white ugly thing is no longer blind.
The white ugly thing stings you! The white ugly thing freezes you!!
* * * LOW HITPOINT WARNING * * *
You bludgeon the white ugly thing!
You squeeze the white ugly thing, but do no damage.
The white ugly thing is almost dead.
You constrict the white ugly thing. The white ugly thing stings you.
* * * LOW HITPOINT WARNING * * *
The white ugly thing freezes you!!
You die...

# #≈#######≈#####.# #
#≈≈≈≈≈≈≈≈≈# *,* #
##.(.###### *,# #
##.....## *##.###* #
##.......######.#....*
####.........##......##,*
...+.........+........#,*
####.........##)).....#,*
...##.......###%@u...##,*
##.###.....## #...)..#*,*
#.# ##.[.## ###.##.#*,*
#.# ##'## #.#*,..,* #.#
#.# #.#***##* ##.#
###†########.# ...#
#.........##.# ####
#.........##.#
#.....)......#


You could see a white ugly thing.

Vanquished Creatures
  Gastronok (D:10)
  Harold (D:8)
  Erica (D:10)
  A two-headed ogre (D:10)
  An orc knight (Bailey)
  2 ugly things
  A cyclops (D:11)
  Psyche (D:12)
  A gargoyle (D:12)
  Grinder (D:5)
  3 hippogriffs
  A wyvern (D:11)
  A shadow (D:12)
  A wraith (D:10)
  8 yaks
  4 fire bats
  2 basilisks
  A steam dragon (D:11)
  4 hogs (D:8)
  2 vampire mosquitoes (D:12)
  A hungry ghost (D:10)
  A human (D:8)
  Menkaure (Ossuary)
  2 acid dragons (D:11)
  A water moccasin (D:11)
  A hell hound (D:8)
  Purgy (Sewer)
  24 orc warriors
  3 sky beasts
  4 ice beasts
  An eye of draining (D:12)
  A phantom (D:9)
  A necrophage (D:12)
  An ogre (D:11)
  2 centaurs
  2 crocodiles
  A big kobold (D:11)
  5 bullfrogs
  2 wyvern skeletons
  A water moccasin skeleton (D:9)
  4 scorpions
  3 killer bees (D:11)
  5 wights (D:10)
  4 howler monkeys
  An electric eel (D:10)
  A bullfrog zombie (D:12)
  3 crimson imps
  2 lava snakes (D:8)
  3 centaur skeletons
  6 hounds
  2 jellies
  5 orc wizards
  A quasit (D:7)
  4 bullfrog skeletons
  9 orc priests
  7 iguanas
  7 worker ants
  5 ogre zombies (Ossuary)
  4 hound skeletons
  6 mummies (Ossuary)
  2 worker ant zombies
  Robin (D:2)
  4 gnolls (D:4)
  2 howler monkey zombies
  19 adders
  2 shadow imps
  2 oozes
  4 adder zombies (Ossuary)
  A worm (D:4)
  A dart slug (D:1)
  8 leopard geckos
  60 orcs
  5 ball pythons
  4 giant cockroaches
  A gnoll zombie (Ossuary)
  14 goblins
  8 hobgoblins
  21 jackals
  11 kobolds
  5 quokkas
  7 bats
  5 frilled lizards
  4 goblin zombies (Ossuary)
  7 hobgoblin zombies (Ossuary)
  A jackal skeleton (D:5)
  A jackal zombie (D:8)
  A kobold zombie (Ossuary)
  An orc zombie (Ossuary)
  2 quokka skeletons
  A quokka zombie (Ossuary)
  4 rats
  6 rat zombies (Ossuary)
  A fire vortex (D:8)
392 creatures vanquished.

Vanquished Creatures (others)
  An unseen horror (D:12)
  A troll (D:12)
  2 ogres
  2 fire vortices (D:8)
  4 fungi (D:10)
10 creatures vanquished.

Grand Total: 402 creatures vanquished

Notes
Turn   | Place    | Note
-------+----------+-------------------------------------------
     0 | D:1      | Anon1729 the Octopode Monk began the quest for the Orb.
     0 | D:1      | Reached XP level 1. HP: 16/16 MP: 1/1
   431 | D:1      | Reached skill level 3 in Stealth
   431 | D:1      | Reached XP level 2. HP: 17/21 MP: 2/2
   693 | D:1      | Reached XP level 3. HP: 6/26 MP: 3/3
  1608 | D:2      | Found an ancient bone altar of Kikubaaqudgha.
  2021 | D:2      | Reached XP level 4. HP: 31/31 MP: 4/4
  2026 | D:2      | Noticed Robin
  2041 | D:2      | Killed Robin
  2251 | D:2      | Reached skill level 4 in Stealth
  2329 | D:2      | Found a burning altar of Makhleb.
  2330 | D:2      | Found a bloodstained altar of Trog.
  2332 | D:2      | Found a shimmering altar of Xom.
  2337 | D:2      | Found a sacrificial altar of Ru.
  2339 | D:2      | Found a basalt altar of Yredelemnul.
  2360 | D:2      | Became a worshipper of Ru the Awakened
  2370 | D:2      | Gained mutation: Your cowardice makes you less effective in
                  | combat with threatening monsters. [Ru sacrifice]
  2370 | D:2      | Reached * piety under Ru
  2489 | D:2      | Found a blossoming altar of Fedhas.
  2900 | D:3      | Reached XP level 5. HP: 32/37 MP: 5/5
  3009 | D:3      | Found a sparkling altar of Nemelex Xobeh.
  3064 | D:3      | Found a faded altar of an unknown god.
  3124 | D:3      | Found an iron altar of Okawaru.
  3400 | D:4      | Found a hazy altar of Hepliaklqana.
  3418 | D:4      | Got an iridescent hand axe
  3419 | D:4      | Identified the +6 hand axe of Tenacity {venom, MR+} (You
                  | found it on level 4 of the Dungeon)
  3652 | D:4      | Reached XP level 6. HP: 23/43 MP: 6/6
  3687 | D:4      | Reached skill level 5 in Stealth
  3733 | D:4      | Found a runed translucent gate.
  3733 | D:4      | Found a runed translucent gate.
  3734 | D:4      | Found a runed translucent gate.
  3735 | D:4      | Noticed Duffy's ghost (novice NaGl)
  3886 | D:4      | Found a glowing drain.
  3900 | Sewer    | Entered a sewer
  3944 | Sewer    | Noticed Purgy
  4129 | Sewer    | Killed Purgy
  4129 | Sewer    | Reached XP level 7. HP: 49/49 MP: 7/7
  4305 | D:5      | Entered Level 5 of the Dungeon
  4314 | D:5      | Reached skill level 6 in Stealth
  4388 | D:5      | Gained mutation: You are missing a hand. [Ru sacrifice]
  4388 | D:5      | Reached ** piety under Ru
  4388 | D:5      | Reached *** piety under Ru
  4388 | D:5      | Reached **** piety under Ru
  4416 | D:5      | Reached skill level 5 in Fighting
  4416 | D:5      | Reached skill level 5 in Unarmed Combat
  4555 | D:5      | Reached skill level 5 in Dodging
  4720 | D:5      | Noticed Grinder
  4732 | D:5      | Killed Grinder
  4732 | D:5      | Reached skill level 7 in Stealth
  4732 | D:5      | Reached XP level 8. HP: 48/56 MP: 8/8
  4880 | D:5      | Found a staircase to the Ecumenical Temple.
  5862 | D:6      | Reached skill level 8 in Stealth
  6222 | D:6      | You fall through a shaft for 2 floors!
  6249 | D:8      | Found an ornate altar of the Wu Jian Council.
  6443 | D:7      | Found a sand-covered staircase.
  6451 | Ossuary  | Entered an ossuary
  6494 | Ossuary  | Noticed Menkaure
  6679 | Ossuary  | Reached XP level 9. HP: 62/62 MP: 9/9
  7102 | Ossuary  | Killed Menkaure
  7519 | D:7      | Found a transporter.
  7523 | D:7      | Reached skill level 9 in Stealth
  7834 | D:7      | Learned a level 2 spell: Swiftness
  8248 | D:7      | Found a transporter.
  8280 | D:7      | HP: 2/64 [hippogriff (7)]
  8905 | D:8      | Found a shattered altar of Ashenzari.
  8905 | D:8      | Noticed Harold
  8920 | D:8      | Killed Harold
  8920 | D:8      | Reached skill level 10 in Stealth
  8920 | D:8      | Reached XP level 10. HP: 30/71 MP: 10/10
 10835 | D:8      | Got an ancient platinum ring
 10836 | D:8      | Identified the ring "Huhuskin" {+Fly Str+5 SInv} (You found
                  | it on level 8 of the Dungeon)
 11133 | D:9      | Found Ixorag's Armour Boutique.
 11142 | D:9      | Reached skill level 11 in Stealth
 11742 | D:9      | Found a staircase to the Lair.
 11990 | D:9      | Found a glowing golden altar of the Shining One.
 12268 | D:10     | Entered Level 10 of the Dungeon
 12268 | D:10     | Noticed a two-headed ogre
 12273 | D:10     | Killed a two-headed ogre
 12276 | D:10     | Noticed Erica
 12288 | D:10     | Killed Erica
 12288 | D:10     | Reached XP level 11. HP: 68/78 MP: 11/11
 12483 | D:10     | Noticed Gastronok
 12501 | D:10     | Found Laeh's Weapon Shop.
 12501 | D:10     | Found a staircase to the Orcish Mines.
 12501 | D:10     | Found Roleroef's Armour Shop.
 12504 | D:10     | HP: 3/78 [orc warrior/+0 halberd (11)]
 12956 | D:10     | Reached skill level 12 in Stealth
 12956 | D:10     | Reached skill level 1 in Spellcasting
 13538 | D:10     | Killed Gastronok
 14014 | D:11     | Noticed a purple ugly thing
 14022 | D:11     | Killed a purple ugly thing
 14289 | D:11     | Found a shimmering altar of Xom.
 15076 | D:11     | Found an ornate altar of the Wu Jian Council.
 15097 | D:11     | Noticed a cyclops
 15138 | D:11     | Killed a cyclops
 15152 | D:11     | Gained mutation: Your flesh is heat resistant. (rF+)
                  | [potion of mutation]
 15152 | D:11     | Gained mutation: You are agile. (Dex +2) [potion of
                  | mutation]
 16413 | D:12     | Found a transporter.
 16438 | D:12     | Reached XP level 12. HP: 84/87 MP: 17/17
 16479 | D:12     | Reached skill level 13 in Stealth
 16562 | D:12     | Found a flagged portal.
 16645 | Bailey   | Entered a bailey
 17654 | Bailey   | Learned a level 1 spell: Confusing Touch
 17671 | Bailey   | Reached skill level 10 in Unarmed Combat
 18033 | Bailey   | Reached skill level 10 in Fighting
 18033 | Bailey   | Reached skill level 10 in Dodging
 18920 | D:12     | Noticed a death knight
 18926 | D:12     | Noticed Arum's ghost (journeyman OpVM)
 19050 | D:12     | Found a transporter.
 19239 | D:12     | Noticed Psyche
 19248 | D:12     | Killed Psyche
 19455 | D:12     | Mangled by a white ugly thing

Levels and vault maps discovered:
D:1:      lemuel_arrival_broad_hall, layout_basic
D:2:      layout_rooms, kiku_gazebo_pond_becter, grunt_temple_overflow_open,
          lemuel_coloured_pillars_altar, uniq_robin
D:3:      layout_rooms, lemuel_doored_altar, chequers_ecumenical_altar_island,
          okawaru_metal_pillars_1_2
D:4:      layout_rooms, old_standard_altar, gammafunk_ghost_necromancy,
          first_ration, cheibrodos_sewer_entry_bend
D:5:      layout_cave_pools, minmay_temple_entry_arrows, uniq_grinder
D:6:      minmay_angry_zag, layout_loops_cross, chequers_mini_garden
D:7:      gammafunk_cloud_chamber, layout_loops_corners,
          chequers_ossuary_entry_cave, hangedman_decor_points
D:8:      layout_basic, overflow_temple_1_default, kennysheep_mini,
          grunt_livestock, hangedman_incinerator, uniq_harold
D:9:      layout_basic, nicolae_tso_carved_into_rock, lair_entry_dummy,
          serial_shops, shop
D:10:     layout_layer_cave, orc_david_3, hangedman_decor_push,
          fungi_pond_lemuel, uniq_gastronok, uniq_erica
D:11:     minmay_skewed_foursquare, layout_rooms, basic_altar, tgw_xom
D:12:     layout_loops_corners, enter_bailey_2, gammafunk_ghost_mausoleum,
          roderic_batcave, minmay_orc_keep, uniq_psyche, uniq_urug
Sewer:    sewer_co_purgy_island
Ossuary:  ossuary_boxes_badplayer
Bailey:   bailey_polearm_2, bailey

Skill      XL: |  1  2  3  4  5  6  7  8  9 10 11 12 |
---------------+-------------------------------------+-----
Stealth        | 3 4 5 7 8 10 11 12 13 | 13.6
Fighting       | 4 5 6 7 8 9 10 | 10.3
Unarmed Combat | 4 5 6 7 8 9 10 | 10.3
Dodging        | 4 5 6 7 8 9 10 | 10.3
Spellcasting   | 3 4 |  4.7

Action                   |  1- 3 |  4- 6 |  7- 9 | 10-12 || total
-------------------------+-------+-------+-------+-------++-------
Melee: Unarmed           |    85 |    90 |   199 |   667 ||  1041
       Constrict         |    24 |    33 |    50 |   117 ||   224
       Tentacles         |    15 |    30 |    55 |   188 ||   288
       Punch             |     3 |     4 |    14 |    69 ||    90
       Hand axe          |       |    46 |    93 |       ||   139
 Cast: Swiftness         |       |       |       |     2 ||     2
       Confusing Touch   |       |       |       |     1 ||     1
Invok: Sacrifice Courage |       |     1 |       |       ||     1
       Sacrifice a Hand  |       |       |     1 |       ||     1
       Power Leap        |       |       |     1 |     2 ||     3
       Reject Sacrifices |       |       |     1 |     1 ||     2
       Draw Out Power    |       |       |       |     3 ||     3
 Abil: Evoke Berserk Rag |       |     1 |     2 |     3 ||     6
       Evoke Flight      |       |       |       |     1 ||     1
Evoke: Wand              |       |       |     4 |     7 ||    11
  Use: Scroll            |       |       |     7 |     8 ||    15
       Potion            |       |       |       |     3 ||     3
 Stab: Sleeping          |     9 |     6 |    43 |    37 ||    95
       Distracted        |       |       |     2 |     2 ||     4
       Paralysed         |       |       |     4 |       ||     4
       Invisible         |       |       |     5 |     2 ||     7
  Eat: Chunk             |     3 |     7 |    14 |    28 ||    52
       Ration            |       |       |     1 |     3 ||     4
Armor: Skin              |     3 |     6 |     6 |     9 ||    24
Dodge: Dodged            |    60 |    75 |   150 |   480 ||   765

Table legend:
 A = Non-vault XP
 B = Vault XP
 C = Vault XP percentage of total XP
 D = Non-vault monster count
 E = Vault monster count
 F = Vault count percentage of total count
                 A         B        C        D         E       F
            +---------+---------+-------+---------+---------+-------
      Total |   14904 |   10446 |  41.2 |     278 |     117 |  29.6
            +---------+---------+-------+---------+---------+-------
        D:1 |      55 |       0 |   0.0 |      28 |       0 |   0.0
        D:2 |      43 |      38 |  46.9 |      14 |      12 |  46.2
        D:3 |      68 |       0 |   0.0 |      18 |       0 |   0.0
        D:4 |     353 |       5 |   1.4 |      21 |       1 |   4.5
        D:5 |     467 |     240 |  33.9 |      20 |       1 |   4.8
        D:6 |     693 |      18 |   2.5 |      14 |       1 |   6.7
        D:7 |    1201 |     196 |  14.0 |      18 |       1 |   5.3
        D:8 |     153 |    2757 |  94.7 |       9 |      12 |  57.1
        D:9 |    1086 |       3 |   0.3 |      28 |       1 |   3.4
       D:10 |    3028 |    3100 |  50.6 |      35 |       6 |  14.6
       D:11 |    3537 |     686 |  16.2 |      35 |      11 |  23.9
       D:12 |    4220 |     434 |   9.3 |      38 |       1 |   2.6
      Sewer |       0 |     167 | 100.0 |       0 |       8 | 100.0
    Ossuary |       0 |     454 | 100.0 |       0 |      37 | 100.0
     Bailey |       0 |    2348 | 100.0 |       0 |      25 | 100.0
            +---------+---------+-------+---------+---------+-------
